 Dungeon Crawl Stone Soup version 0.28-a0-1555-g9ae15a6949 (webtiles) character file.

Game seed: 15935668622035277280

2 lonewolfV2 the Chopper (level 1, 0/16 HPs)
             Began as a Demonspawn Gladiator on Jan 18, 2022.
             Frozen to death by an endoplasm (3 damage)
             ... on level 1 of the Dungeon.
             The game lasted 00:00:06 (71 turns).

lonewolfV2 the Chopper (Demonspawn Gladiator)         Turns: 71, Time: 00:00:06

Health: 0/16       AC:  4    Str: 14    XL:     1   Next: 25%
Magic:  1/1        EV: 12    Int:  9    God:
Gold:   0          SH:  0    Dex: 14    Spells: 0/0 levels left

rFire   . . .      SeeInvis .   a - +0 war axe
rCold   . . .      Faith    .   (no shield)
rNeg    . . .      Spirit   .   b - +0 leather armour
rPois   .          Reflect  .   c - +0 helmet
rElec   .          Harm     .   (no cloak)
rCorr   .          Rampage  .   (no gloves)
Will    .....                   (no boots)
Stlth   +.........              (no amulet)
HPRegen 0.05/turn               (no ring)
MPRegen 0.07/turn               (no ring)

@: no status effects
A: no striking features
a: no special abilities


You were on level 1 of the Dungeon.
You visited 1 branch of the dungeon, and saw 1 of its levels.

Inventory:

Hand Weapons
 a - a +0 war axe (weapon)
Missiles
 d - 3 throwing nets (quivered)
Armour
 b - a +0 leather armour (worn)
 c - a +0 helmet (worn)


   Skills:
 + Level 2.0 Fighting
 + Level 2.7 Axes
 + Level 1.8 Throwing
 + Level 2.7 Dodging


You couldn't memorise any spells.
You didn't know any spells.
Your spell library was empty.

Dungeon Overview and Level Annotations

Branches:
Dungeon (1/15)

Altars:


Message History

The hobgoblin completely misses you.
A frilled lizard comes into view.
The frilled lizard hisses angrily.
The hobgoblin hits you but does no damage.
You slash the hobgoblin!
You kill the hobgoblin!
You see here a hobgoblin corpse.
A jackal and an endoplasm come into view.
The endoplasm quivers.
A jackal comes into view.
The jackal moves out of view.
You barely miss the frilled lizard.
The frilled lizard closely misses you. x2
You barely miss the hobgoblin.
The jackal barks!
You hit the frilled lizard but do no damage.
The hobgoblin closely misses you.
A bat comes into view.
The frilled lizard bites you but does no damage.
The hobgoblin misses you.
You completely miss the hobgoblin. You hit the endoplasm but do no damage.
You slash the frilled lizard!
You kill the frilled lizard!
The endoplasm hits you. The hobgoblin barely misses you.
The jackal barks!
You hit the hobgoblin but do no damage. You hit the endoplasm but do no damage.
The endoplasm freezes you.
You are frozen.
The hobgoblin misses you.
The jackal bites you but does no damage.
The endoplasm freezes you.
You are frozen.
* * * LOW HITPOINT WARNING * * *
You hit the hobgoblin but do no damage. You barely miss the jackal.
You barely miss the endoplasm.
The jackal bites you but does no damage.
The hobgoblin barely misses you.
A giant cockroach comes into view.
The jackal misses you. The endoplasm freezes you.
You are frozen.
You die...

##.#.#.##....#.##
#.#.##..###P#.#
#.##.##...###.#
##.##.####...##
####
##.##...##P## .
#... ##.###.<###
#..#...
####..####
#.....##.......#
#..†@g.......#
#..hJ###.......#
.......b.
#..####...
.###..........:
.# #...#........
. #... .........
...# .........
...# ..B...


You could see an endoplasm, a jackal, a giant cockroach (wandering), a hobgoblin
and a bat.

Vanquished Creatures
  A hobgoblin (D:1)
  A frilled lizard (D:1)
2 creatures vanquished.

Notes
Turn   | Place    | Note
-------+----------+-------------------------------------------
     0 | D:1      | lonewolfV2 the Demonspawn Gladiator began the quest for the
                  | Orb.
     0 | D:1      | Reached XP level 1. HP: 16/16 MP: 1/1
    71 | D:1      | Frozen to death by an endoplasm

Illustrated notes

Levels and vault maps discovered:
D:1:      nagdon_arrival_double_spiral, layout_rooms,
          hellmonk_ecumenical_altar_run_dry

Action                   || total
-------------------------++-------
Melee: War axe           ||     6
Armor: Leather armour    ||     4
Dodge: Dodged            ||     9

Table legend: (Time is in decaauts)
 A = Elapsed time spent in this place.
 B = Non-inter-level travel time spent in this place.
 C = Inter-level travel time spent in this place.
 D = Time resting spent in this place.
 E = Time spent auto-exploring this place.
 F = Levels seen in this place.
 G = Mean time per level.
                   A        B        C        D        E       F      G
               +--------+--------+--------+--------+--------+-----+--------+
         Total |     72 |     72 |      0 |      0 |     59 |   1 |   72.0 |
       Dungeon |     72 |     72 |      0 |      0 |     59 |   1 |   72.0 |
               +--------+--------+--------+--------+--------+-----+--------+

Top non-repeatable levels by time:
     D:1: 72 daAuts
